 Dungeon Crawl Stone Soup version 0.28.0-53-g5a82cb258f (webtiles) character file.

Game seed: 13820899471826670115

44 H0rd4k the Charlatan (level 3, 0/26 HPs)
             Began as a Human Artificer on May 23, 2022.
             Slain by a jackal (3 damage)
             ... on level 2 of the Dungeon.
             The game lasted 00:01:27 (2694 turns).

H0rd4k the Charlatan (Human Artificer)              Turns: 2694, Time: 00:01:27

Health: 0/26       AC:  3    Str: 12    XL:     3   Next: 87%
Magic:  3/3        EV: 11    Int: 13    God:
Gold:   29         SH:  0    Dex: 13    Spells: 2/2 levels left

rFire   . . .      SeeInvis .   a - +0 club
rCold   . . .      Faith    .   (no shield)
rNeg    . . .      Spirit   .   b - +0 leather armour
rPois   .          Reflect  .   (no helmet)
rElec   .          Harm     .   (no cloak)
rCorr   .          Rampage  .   (no gloves)
Will    .....                   (no boots)
Stlth   +.........              (no amulet)
HPRegen 0.08/turn               (no ring)
MPRegen 0.08/turn               (no ring)

@: no status effects
A: no striking features
a: no special abilities


You were on level 2 of the Dungeon.
You visited 1 branch of the dungeon, and saw 2 of its levels.

You collected 29 gold pieces.

Inventory:

Hand Weapons
 a - a +0 club (weapon)
Armour
 b - a +0 leather armour (worn)
Wands
 c - a wand of flame (12) (quivered)
 d - a wand of charming (12)
Scrolls
 f - 3 scrolls of identify {unknown}
 g - 2 scrolls of noise {unknown}
 j - a scroll of vulnerability {unknown}
Potions
 h - a potion of flight {unknown}
 i - a potion of might {unknown}
Miscellaneous
 e - a piece from Xom's chessboard (15/15)


   Skills:
 + Level 1.4 Fighting
 + Level 0.9 Maces & Flails
 + Level 2.3 Armour
 + Level 1.5 Dodging
 + Level 1.2 Stealth
 + Level 3.5 Evocations


You had 2 spell levels left.
You didn't know any spells.
Your spell library was empty.

Dungeon Overview and Level Annotations

Branches:
Dungeon (2/15)

Altars:

Shops:
D:1 :


Message History

The jackal is almost dead.
The jackal bites you but does no damage.
The jackal barely misses you.
You miss the jackal.
The jackal is almost dead.
The jackal closely misses you.
You barely miss the jackal.
The jackal is almost dead.
The jackal bites you. The jackal barely misses you.
You hit the jackal.
You kill the jackal!
The jackal bites you.
* * * LOW HITPOINT WARNING * * *
You hit the jackal.
The jackal is heavily wounded.
The jackal misses you. The jackal closely misses you.
You closely miss the jackal.
The jackal is heavily wounded.
The jackal barely misses you. The jackal bites you.
* * * LOW HITPOINT WARNING * * *
You hit the jackal.
The jackal is severely wounded.
The jackal bites you.
* * * LOW HITPOINT WARNING * * *
The jackal closely misses you.
You hit the jackal but do no damage.
The jackal is severely wounded.
The jackal barely misses you. The jackal closely misses you.
You hit the jackal but do no damage.
The jackal is severely wounded.
The jackal bites you.
* * * LOW HITPOINT WARNING * * *
You hit the jackal.
The jackal is almost dead.
The jackal bites you but does no damage.
The jackal closely misses you.
You barely miss the jackal.
The jackal is almost dead.
The jackal barely misses you. The jackal bites you.
You die...

#.........#
####........)## ..
..............########..
##.........÷##....#..
#....g......##....#.# .#
.K...#.###...gg.#....#.#
..# #.#[##.
####K#.......>###... ..
#h##......##.... ##.
#@###........# #. #.#
#........##.#. .. #.#
#............. .#
#.####............
######.................
.......................
#........#.##...##...#
#..>.....†..........##
#.........###.......#


You could see a jackal, 2 goblins and a kobold.

Vanquished Creatures
  2 endoplasms (D:1)
  2 goblins
  3 hobgoblins
  11 jackals
  5 kobolds (D:1)
  A quokka (D:1)
  4 ball pythons
  3 bats (D:1)
  A frilled lizard (D:2)
  4 rats
36 creatures vanquished.

Vanquished Creatures (collateral kills)
  An endoplasm (D:1)
  A kobold (D:1)
2 creatures vanquished.

Grand Total: 38 creatures vanquished

Notes
Turn   | Place    | Note
-------+----------+-------------------------------------------
     0 | D:1      | H0rd4k the Human Artificer began the quest for the Orb.
     0 | D:1      | Reached XP level 1. HP: 15/15 MP: 1/1
   394 | D:1      | Reached XP level 2. HP: 7/21 MP: 2/2
  1099 | D:1      | Found Geantem's Book Boutique.
  1134 | D:1      | Reached XP level 3. HP: 25/26 MP: 3/3
  2694 | D:2      | Slain by a jackal

Illustrated notes

Levels and vault maps discovered:
D:1:      lordsloth_arrival_two_stooges, layout_basic, serial_shops,
          nicolae_square_shop
D:2:      layout_rooms, basic_ecumenical_altar, minmay_tall_x

Action                   || total
-------------------------++-------
Melee: Club              ||   190
       Punch             ||     1
Evoke: Wand              ||     6
 Stab: Sleeping          ||     1
Armor: Leather armour    ||    81
Dodge: Dodged            ||   172
